 Dungeon Crawl Stone Soup version 0.27.1-2-g3b301248ec (webtiles) character file.

Game seed: 17096611225136009361

141 BobTheBalder the Skirmisher (level 5, 0/47 HPs)
             Began as a Hill Orc Abyssal Knight on Sept 28, 2021.
             Was a Believer of Lugonu.
             Succumbed to an orc's poison
             ... on level 3 of the Dungeon.
             The game lasted 00:12:09 (3350 turns).

BobTheBalder the Skirmisher (HOAK)                  Turns: 3350, Time: 00:12:09

Health: 0/47       AC:  7    Str: 16    XL:     5   Next: 24%
Magic:  7/7        EV: 11    Int: 12    God:    Lugonu [**....]
Gold:   78         SH:  0    Dex: 10    Spells: 4/4 levels left

rFire    + . .     SeeInvis .   j - +0 triple crossbow (flame)
rCold    + . .     Faith    .   (shield currently unavailable)
rNeg     . . .     Spirit   .   b - +0 leather armour
rPois    +         Reflect  .   (no helmet)
rElec    +         Harm     .   (no cloak)
rCorr    +         Rampage  .   l - +1 pair of gloves
Will     .....                  k - +1 pair of boots
Stlth    +.........             (no amulet)
HPRegen  0.15/turn              (no ring)
MPRegen  0.10/turn              (no ring)

@: lethally poisoned (0 -> -2), resistant, on berserk cooldown, slowed, very
slow
A: no striking features
a: Renounce Religion, Depart the Abyss, Bend Space


You were on level 3 of the Dungeon.
You worshipped Lugonu.
Lugonu was pleased with you.
You visited 1 branch of the dungeon, and saw 3 of its levels.
You visited the Abyss 1 time.

You collected 78 gold pieces.

Inventory:

Hand Weapons
 a - a +1 hand axe
 j - a +0 triple crossbow of flaming (weapon)
Missiles
 c - 83 stones
 d - 11 bolts (quivered ammo)
 f - 32 arrows
 g - a throwing net
 h - 32 poisoned darts
Armour
 b - a +0 leather armour (worn)
 k - a +1 pair of boots (worn)
 l - a +1 pair of gloves (worn)
Wands
 m - a wand of digging (4)
Scrolls
 i - a scroll of amnesia
 o - a scroll of teleportation


   Skills:
 + Level 4.4 Fighting
 + Level 3.9 Axes
 + Level 0.6 Crossbows
 + Level 3.1 Armour
 + Level 1.7 Dodging
 + Level 3.6 Invocations


You had 4 spell levels left.
You didn't know any spells.
Your spell library contained the following spells:

 Spells                   Type           Power      Damage    Failure   Level
 Corpse Rot               Necr/Air       N/A        N/A       52%         2
 Dispel Undead            Necr           0%         3d6       98%         4
 Death Channel            Necr           0%         N/A       100%        6


Dungeon Overview and Level Annotations

Branches:
Dungeon (3/15)

Altars:


Message History

Press: ? - help, Q - select action, (/) - cycle Shift-Dir - straight line, f/p - orc
Aim: an orc, wielding a +2 whip of venom (severely wounded, 54% to hit)
You shoot a bolt. The bolt hits the orc!
The bolt burns the orc.
You kill the orc!
Lugonu accepts your kill.
* * * LOW HITPOINT WARNING * * *
You feel extremely sick.
It was a potion of magic.
Magic courses through your body.
* * * LOW HITPOINT WARNING * * *
You feel very sick.
It was a potion of resistance.
You feel protected.
* * * LOW HITPOINT WARNING * * *
You feel very sick.
It was a potion of berserk rage.
A red film seems to cover your vision as you go berserk!
You feel yourself moving faster!
You feel mighty!
* * * LOW HITPOINT WARNING * * *
You feel sick.
You feel a strong urge to attack something.
* * * LOW HITPOINT WARNING * * *
You feel sick.
You feel sick.
You start resting.
You feel your anger nearly subside.
You feel sick.
You start resting.
You are no longer berserk.
You are exhausted.
You feel yourself slow down.
There is a lethal amount of poison in your body!
There is a lethal amount of poison in your body!
* * * LOW HITPOINT WARNING * * *
You feel sick.
Things that are here:
a bolt; a +2 whip of venom
* * * LOW HITPOINT WARNING * * *
You feel sick.
You see here a bolt.
You die...

#...... ..(... #...(.
.... ...# #.###..## .
#....(..# #.# ##### #(#
##..## #...# #@#
.##≈≈.≈≈##.#..
#.###.≈≈≈≈≈≈≈.###.
#.##≈≈#≈≈≈≈≈≈≈≈##.
#.#≈≈≈≈≈≈≈≈≈≈≈≈##.
..###..≈≈≈≈≈≈≈≈≈≈#≈≈.#
.......≈≈≈≈≈≈≈#≈≈≈≈≈≈≈#
##.##.≈≈≈≈≈≈≈≈≈≈#≈≈≈≈≈#
#..≈≈≈≈.≈≈...≈≈..≈≈≈
.##..≈#.....<..)..≈≈.


There were no monsters in sight!

Vanquished Creatures
  3 gnolls (D:3)
  An adder (D:3)
  4 worms
  15 dart slugs
  An orc (D:3)
  4 bats
  5 endoplasms
  A giant cockroach (D:1)
  2 goblins
  4 jackals (D:3)
  5 quokkas
  3 ball pythons
  6 frilled lizards
  7 kobolds
  4 rats
65 creatures vanquished.

Notes
Turn   | Place    | Note
-------+----------+-------------------------------------------
     0 | Abyss:1  | BobTheBalder the Hill Orc Abyssal Knight began the quest
                  | for the Orb.
     0 | Abyss:1  | Reached XP level 1. HP: 19/19 MP: 2/2
     0 | D:1      | Escaped the Abyss
   259 | D:1      | Reached * piety under Lugonu
   337 | D:1      | Reached skill level 1 in Dodging
   337 | D:1      | Reached XP level 2. HP: 18/27 MP: 4/4
   747 | D:1      | Found a faded altar of an unknown god.
  1044 | D:1      | Reached XP level 3. HP: 17/33 MP: 5/5
  1800 | D:2      | Reached skill level 4 in Fighting
  2534 | D:2      | Identified a scroll of acquirement
  2534 | D:2      | Acquired a +0 triple crossbow of flaming
  2599 | D:3      | Reached XP level 4. HP: 40/40 MP: 6/6
  2982 | D:3      | Reached ** piety under Lugonu
  2988 | D:3      | Reached XP level 5. HP: 47/47 MP: 7/7
  3348 | D:3      | HP: 2/47 [poisoned by an orc]
  3350 | D:3      | Succumbed to an orc's poison

Illustrated notes

Levels and vault maps discovered:
D:1:      evilmike_arrival_rings, layout_rooms,
          dreamdust_ecumenical_altar_statues, minmay_misc_feat_secret_circle,
          grunt_decor_arrowhead
D:2:      layout_loops_corners, serial_bayou_pond_e, small_statue_intersection
D:3:      kennysheep_slugbush, layout_loops_corners, st_stairs_4

Skill      XL: |  1  2  3  4 |
---------------+-------------+-----
Dodging        | 1 |  1.7
Axes           | 3 |  3.9
Invocations    | 3 |  3.6
Fighting       | 4 |  4.4
Armour         | 3 |  3.1
Crossbows      | |  0.6

Action                   |  1- 3 |  4- 6 || total
-------------------------+-------+-------++-------
Melee: Hand axe          |   171 |    34 ||   205
 Fire: Triple crossbow   |     3 |    35 ||    38
Invok: Depart the Abyss  |     1 |       ||     1
  Use: Scroll            |     6 |     1 ||     7
       Potion            |       |     3 ||     3
Armor: Leather armour    |    42 |    14 ||    56
Dodge: Dodged            |    99 |    57 ||   156
